AoeStats
← LinX

Arabia

509920444Analyzed
1v1 RM · 3d ago on Sep 28, 2026· 26m 16s· 2 players
Game mode
Random Map
Map size
Tiny (2 player)
Population
200
Speed
Normal
Resources
Standard
Victory
Conquest
Starting age
Dark Age
Ending age
Imperial Age
RankedLock teamsTeams togetherTeam positionsShared explorationLock speedFull tech treeHidden civsTurbo modeCheats
Victory
Defeat
🇨🇦 Franks · Canada
1386
+17
🇲🇩 Chinese · Moldova
1403
-17
LinX
5:08 Loom
9:47 Feudal Age
9:49 Man-at-Arms
10:28 Double-Bit Axe
16:16 Fletching
18:38 Gold Mining
22:25 Castle Age
21:07 Padded Archer Armor
21:53 Scale Barding Armor
22:39 Forging
23:39 Chain Barding Armor
solo rankeding
0:39 Loom
8:40 Feudal Age
9:33 Double-Bit Axe
18:56 Castle Age
17:45 Fletching
19:34 Bodkin Arrow
19:34 Crossbowman
22:09 Ballistics
Connection lost

Rejoining the realm…

Still unreachable

The connection could not be restored.

Session expired

The server has moved on; the page needs a fresh start.